 Dungeon Crawl Stone Soup version 0.25-a0-110-ge29c8f2358 (webtiles) character file.

Game seed: 4313761597827538212, levelgen mode: deterministic

227 RedPan the Chiller (level 5, -1/38 HPs)
             Began as a Draconian Ice Elementalist on Nov 20, 2019.
             Slain by a water moccasin skeleton (7 damage)
             ... on level 4 of the Dungeon.
             The game lasted 00:09:23 (4061 turns).

RedPan the Chiller (Draconian Ice Elementalist)     Turns: 4061, Time: 00:09:24

Health: -1/38      AC:  5    Str: 10    XL:     5   Next: 70%
Magic:  1/11       EV: 12    Int: 17    God:
Gold:   151        SH:  2    Dex: 11    Spells: 7/12 levels left

rFire    . . .     SeeInvis .   c - +0 short sword
rCold    . . .     Gourm    .   (no shield)
rNeg     . . .     Faith    .   (armour unavailable)
rPois    .         Spirit   .   (helmet restricted)
rElec    .         Reflect  +   (no cloak)
rCorr    .         Harm     .   (no gloves)
MR       ++...                  (no boots)
Stlth    ++........             d - +2 amulet of reflection
HPRegen  0.12/turn              j - ring of protection from magic
MPRegen  0.12/turn              l - ring of protection from magic

@: no status effects
A: unfitting armour, cold-blooded, AC +5
a: no special abilities


You were on level 4 of the Dungeon.
You were not hungry.

You visited 1 branch of the dungeon, and saw 4 of its levels.

You collected 151 gold pieces.

Inventory:

Hand Weapons
 c - a +0 short sword (weapon)
 e - a +0 whip
Jewellery
 d - a +2 amulet of reflection (around neck)
 j - a ring of protection from magic (left hand)
 l - a ring of protection from magic (right hand)
Wands
 k - a wand of iceblast (7)
Scrolls
 a - a scroll of amnesia
 h - a scroll of teleportation
Potions
 f - a potion of cancellation
 i - a potion of might
 m - a potion of experience
 n - a potion of invisibility {unknown}
 p - a potion of curing {unknown}
Comestibles
 b - 4 rations
 g - 2 chunks of flesh


   Skills:
 - Level 1.7 Dodging
 - Level 1.7 Stealth
 + Level 4.0 Spellcasting
   Level 1.0 Conjurations
 + Level 1.4 Summonings
 + Level 4.8 Ice Magic


You had 7 spell levels left.
You knew the following spells:

 Your Spells              Type           Power        Failure   Level  Hunger
a - Freeze                Ice            ###.         2%          1    None
b - Summon Ice Beast      Ice/Summ       ##......     41%         4    ####...

Your spell library contained the following spells:

 Spells                   Type           Power        Failure   Level  Hunger
 Throw Frost              Conj/Ice       ##....       7%          2    ##.....
 Ozocubu's Armour         Chrm/Ice       ##......     17%         3    ###....
 Throw Icicle             Conj/Ice       ##......     43%         4    ####...


Dungeon Overview and Level Annotations

Branches:
Dungeon (4/15)
 Temple: D:4-7

Altars:


Innate Abilities, Weirdness & Mutations

Your plain brown scales are hard. (AC +5)
You cannot fit into any form of body armour.
You are cold-blooded and may be slowed by cold attacks.


Message History

You tail-slap the water moccasin skeleton.
The water moccasin skeleton is almost destroyed.
The water moccasin skeleton completely misses you.
Casting: Freeze (safe; 2% risk of failure)
Confirm with . or Enter, or press ? or * to list all spells.
Aiming: Freeze (safe; 2% risk of failure)
Press: ? - help, Shift-Dir - straight line, f/p - water moccasin skeleton
Aim: a water moccasin skeleton (almost destroyed)
The water moccasin skeleton completely resists.
You freeze the water moccasin skeleton but do no damage.
The water moccasin skeleton barely misses you.
Casting: Freeze (safe; 2% risk of failure)
Confirm with . or Enter, or press ? or * to list all spells.
Aiming: Freeze (safe; 2% risk of failure)
Press: ? - help, Shift-Dir - straight line, f/p - water moccasin skeleton
Aim: a water moccasin skeleton (almost destroyed)
The water moccasin skeleton completely resists.
You freeze the water moccasin skeleton but do no damage.
The water moccasin skeleton bites you!
You die...

#...<..# .......
.....# #.# ...)#
#.# ...# #.# .!#
#.# #Z# #.# #@#
#.#
#.####.###########
#.................
#.####.########.##
### #.....# #.#
#####.# #.# #.#
#.# #.####.## #
#........


You could see a water moccasin skeleton.

Vanquished Creatures
  2 worker ants
  3 gnolls (D:2)
  5 adders
  2 oozes
  6 worms
  A dart slug (D:3)
  A leopard gecko (D:2)
  3 orcs (D:3)
  A ball python (D:2)
  4 giant cockroaches
  7 hobgoblins
  6 jackals
  4 quokkas
  8 bats
  2 frilled lizards (D:3)
  7 goblins
  4 kobolds
  12 rats
78 creatures vanquished.

Notes
Turn   | Place    | Note
-------+----------+-------------------------------------------
     0 | D:1      | RedPan the Draconian Ice Elementalist began the quest for
                  | the Orb.
     0 | D:1      | Reached XP level 1. HP: 14/14 MP: 3/3
   246 | D:1      | Reached XP level 2. HP: 11/20 MP: 0/5
  1022 | D:1      | Reached XP level 3. HP: 26/26 MP: 7/7
  2013 | D:3      | Reached XP level 4. HP: 8/33 MP: 1/8
  2718 | D:2      | Reached XP level 5. HP: 28/38 MP: 2/10
  2724 | D:2      | Learned a level 4 spell: Summon Ice Beast
  3677 | D:3      | Reached skill level 1 in Summonings
  4061 | D:4      | Slain by a water moccasin skeleton

Levels and vault maps discovered:
D:1:      dpeg_arrival_rooms_c, layout_basic, minmay_pentomino_v2
D:2:      layout_basic
D:3:      layout_basic, grunt_ministairs_2
D:4:      layout_basic, nicolae_ru_sacrificial_ziggurat, minitemple,
          lemuel_tele_altar

Skill      XL: |  1  2  3  4  5 |
---------------+----------------+-----
Spellcasting   | 3 4 |  4.0
Ice Magic      | 4 |  4.8
Summonings     | 1 |  1.4
Dodging        | |  1.7
Stealth        | |  1.7
Conjurations   | |  1.0

Action                   |  1- 3 |  4- 6 || total
-------------------------+-------+-------++-------
Melee: Unarmed           |     7 |       ||     7
       Short sword       |    41 |    68 ||   109
       Tailslap          |     3 |     8 ||    11
 Cast: Freeze            |    72 |    67 ||   139
  Use: Scroll            |     5 |     6 ||    11
 Stab: Sleeping          |     4 |     2 ||     6
  Eat: Chunk             |     4 |     6 ||    10
Armor: Skin              |    33 |    28 ||    61
Dodge: Dodged            |    61 |    74 ||   135
Block: Other             |       |     5 ||     5

Table legend:
 A = Non-vault XP
 B = Vault XP
 C = Vault XP percentage of total XP
 D = Non-vault monster count
 E = Vault monster count
 F = Vault count percentage of total count
                 A         B        C        D         E       F
            +---------+---------+-------+---------+---------+-------
      Total |     308 |      17 |   5.2 |      75 |       3 |   3.8
            +---------+---------+-------+---------+---------+-------
        D:1 |      44 |       2 |   4.3 |      24 |       1 |   4.0
        D:2 |     150 |       0 |   0.0 |      27 |       0 |   0.0
        D:3 |      64 |      15 |  19.0 |      21 |       2 |   8.7
        D:4 |      50 |       0 |   0.0 |       3 |       0 |   0.0
            +---------+---------+-------+---------+---------+-------
